 Dungeon Crawl Stone Soup version 0.29.1-2-gbd0b4ee654 (webtiles) character file.

Game seed: 11721773326841069560

81 GigaChad the Shield-Bearer (level 4, 0/40 HPs)
             Began as a Minotaur Fighter on Nov 22, 2022.
             Slain by Sigmund
             ... wielding a +0 scythe
              (1 damage)
             ... on level 2 of the Dungeon.
             The game lasted 00:02:23 (1469 turns).

GigaChad the Shield-Bearer (Minotaur Fighter)       Turns: 1469, Time: 00:02:24

Health: 0/40       AC:  7    Str: 22    XL:     4   Next: 19%
Magic:  3/3        EV:  9    Int:  5    God:
Gold:   94         SH:  0    Dex: 10    Spells: 3/3 levels left

rFire   . . .      SeeInvis .   a - +0 war axe
rCold   . . .      Faith    .   c - +0 buckler
rNeg    . . .      Spirit   .   b - +0 scale mail
rPois   .          Reflect  +   (helmet restricted)
rElec   .          Harm     .   (no cloak)
rCorr   .          Rampage  .   (no gloves)
Will    .....                   (no boots)
Stlth   ..........              f - amulet of reflection
HPRegen 0.13/turn               (no ring)
MPRegen 0.08/turn               (no ring)

@: confused
A: horns 2, retaliatory headbutt
a: no special abilities


You were on level 2 of the Dungeon.
You visited 1 branch of the dungeon, and saw 2 of its levels.

You collected 94 gold pieces.

Inventory:

Hand Weapons
 a - a +0 war axe (weapon)
Armour
 b - a +0 scale mail (worn)
 c - a +0 buckler (worn)
Jewellery
 f - an amulet of reflection (around neck)
 g - a ring of protection from fire
 k - a ring of see invisible
Scrolls
 e - a scroll of fog {unknown}
 i - 2 scrolls of identify {unknown}
 j - a scroll of fear {unknown}
 l - 3 scrolls of poison {unknown}
 m - a scroll of noise {unknown}
 n - a scroll of magic mapping {unknown}
Potions
 d - a potion of might
 h - 3 potions of curing {unknown}
 o - a potion of lignification {unknown}
 p - a potion of brilliance {unknown}


   Skills:
 + Level 4.1 Fighting
 * Level 4.1 Axes
 + Level 4.1 Armour
 + Level 4.2 Shields


You had 3 spell levels left.
You didn't know any spells.
Your spell library contained the following spells:

 Spells                   Type           Power      Damage    Failure   Level
 Passage of Golubria      Tloc           0%         N/A       100%        4
 Silence                  Hex/Air        0%         N/A       100%        5
 Lehudib's Crystal Spear  Conj/Erth      0%         10d2      100%        8


Dungeon Overview and Level Annotations

Branches:
Dungeon (2/15)

Altars:

Annotations:
D:2 Sigmund


Innate Abilities, Weirdness & Mutations

You have a pair of horns on your head.
You reflexively headbutt those who attack you in melee.


Message History

Items here: ! )) ? [ ††.
The worm bites you.
You hit the worm.
The worm is severely wounded.
The worm bites you!
You slash the worm!
You kill the worm!
You see here a worm corpse.
p - a yellow potion
l - 3 scrolls labelled KAIGHE DUZUIS (gained 1)
Items here: )) [ ††.
Sigmund the Dreaded comes into view.
He is wielding a +0 scythe.
Sigmund shouts!
Sigmund screams, "Die, monster!"
Sigmund is nearby!
Sigmund is nearby!
Sigmund is nearby!
You block Sigmund's attack. Sigmund casts a spell at you.
The magic dart hits you.
Sigmund says, "You will soon forget everything."
Sigmund hits you with a +0 scythe.
You barely miss Sigmund. Your headbutt misses Sigmund.
Sigmund hits you with a +0 scythe.
You closely miss Sigmund. Your headbutt misses Sigmund.
Sigmund hits you with a +0 scythe.
You closely miss Sigmund. You headbutt Sigmund, but do no damage.
Sigmund casts a spell.
Sigmund flickers and vanishes!
Deactivating autopickup; reactivate with Ctrl-A.
You closely miss something.
You hear some strange, mumbled words.
You are confused.
Something hits you.
You bump into the rock wall.
Something hits you!
* * * LOW HITPOINT WARNING * * *
You bump into the rock wall.
Something hits you!
* * * LOW HITPOINT WARNING * * *
You bump into the rock wall.
Something hits you.
You die...

......######### #....####
#.#.##) ......# #....(..#
#.#.#.. ......# ######...#
#...#.. ......#
#........######### ......#
#.####.#....<..... ......#
#######.# #.#####.###.#
......####.......# #.#...#.#
#.. .................#
#.#...#.# ###
..............{.@# #.#...#.#
#
####............#####.#...#.#
# #######.........#.#...#.# #
#.#######.#.#...#.## # #
..........#...'(.. #
#####.........# . #....)†...#
# #.........# ###'#.#####


There were no monsters in sight!

Vanquished Creatures
  3 adders (D:2)
  A worm (D:2)
  2 dart slugs (D:1)
  4 endoplasms
  10 goblins
  2 hobgoblins (D:2)
  A quokka (D:2)
  A ball python (D:2)
  4 bats
  4 frilled lizards (D:1)
  9 kobolds
  8 rats
49 creatures vanquished.

Notes
Turn   | Place    | Note
-------+----------+-------------------------------------------
     0 | D:1      | GigaChad the Minotaur Fighter began the quest for the Orb.
     0 | D:1      | Reached XP level 1. HP: 19/19 MP: 0/0
   138 | D:1      | Reached XP level 2. HP: 23/27 MP: 1/1
   817 | D:2      | Reached XP level 3. HP: 31/33 MP: 2/2
  1098 | D:2      | Reached XP level 4. HP: 39/40 MP: 3/3
  1456 | D:2      | Noticed Sigmund
  1467 | D:2      | HP: 1/40 [something (8)]
  1469 | D:2      | Slain by Sigmund

Illustrated notes

Levels and vault maps discovered:
D:1:      lemuel_arrival_river_passageway, layout_loops_ring,
          hangedman_glass_teeth
D:2:      minmay_chambers_of_twos, layout_basic, uniq_sigmund

Skill      XL: |  1  2  3 |
---------------+----------+-----
Fighting       | 4 |  4.1
Axes           | 3 4 |  4.1
Armour         | 4 |  4.1
Shields        | 4 |  4.2

Action                   |  1- 3 |  4- 6 || total
-------------------------+-------+-------++-------
Melee: War axe           |    73 |    19 ||    92
       Headbutt          |    10 |     1 ||    11
  Use: Scroll            |     1 |       ||     1
Armor: Scale mail        |    37 |     5 ||    42
Dodge: Dodged            |    31 |     3 ||    34
Block: Buckler           |    55 |     8 ||    63
       Reflection        |     2 |       ||     2
